 Dungeon Crawl Stone Soup version 0.20-a0-214-gb74cb0e (webtiles) character file.

4683 Yakui the Covert (level 10, -1/63 HPs)
             Began as a Vampire Enchanter on Nov 27, 2016.
             Was a Follower of Hepliaklqana.
             Slain by a bullfrog (7 damage)
             ... on level 8 of the Dungeon.
             The game lasted 00:35:23 (9727 turns).

Yakui the Covert (Vampire Enchanter)                Turns: 9727, Time: 00:35:24

Health: -1/63      AC: 11    Str:  7    XL:     10   Next: 21%
Magic:  8/17       EV: 14    Int: 19    God:    Hepliaklqana [*.....]
Gold:   554        SH:  5    Dex: 17    Spells: 7/19 levels left

rFire  . . .     SeeInvis +     A - +1 short sword (venom)
rCold  . . .     Gourm    .     h - +2 leather armour {MR+}
rNeg   + . .     Faith    .     a - +0 buckler
rPois  .         Spirit   .     q - +0 helmet
rElec  .         Reflect  .     e - +2 cloak
rCorr  .         Harm     .     (no gloves)
MR     ++...                    l - +1 pair of boots
Stlth  +++++.....               (no amulet)
                                (no ring)
                                (no ring)

@: no status effects
A: reduced essence, fangs 3, see invisible, unbreathing
a: Bat Form, Recall Ancestor, Ancestor Identity, Renounce Religion


You were on level 8 of the Dungeon.
You worshipped Hepliaklqana.
Hepliaklqana was aware of your devotion.
You were not thirsty.

You visited 2 branches of the dungeon, and saw 9 of its levels.

You collected 554 gold pieces.


Innate Abilities, Weirdness & Mutations

You have razor-sharp teeth.
You have supernaturally acute eyesight. (SInv)
You can survive without breathing.
Your life essence is reduced. (-10% HP)


   Skills:
 + Level 3.6 Fighting
 + Level 4.8 Short Blades
 + Level 5.3 Dodging
 + Level 10.6 Stealth
 - Level 4.5 Shields
 - Level 5.0 Spellcasting
 - Level 3.4 Conjurations
 + Level 9.8 Hexes
 - Level 3.0 Ice Magic
 + Level 1.1 Invocations


You had 7 spell levels left.
You knew the following spells:

 Your Spells              Type           Power        Failure   Level  Hunger
c - Tukima's Dance        Hex            #####...     1%          3    ##.....
v - Dazzling Spray        Conj/Hex       ####..       4%          3    ##.....
x - Confuse               Hex            #####...     1%          3    ##.....
z - Ensorcelled Hibernat  Hex/Ice        ####..       1%          2    #......
Z - Corona                Hex            #####..      1%          1    None

Inventory:

Hand Weapons
 o - a +2 dagger of protection
 v - a +0 rapier
 A - a +1 short sword of venom (weapon)
Armour
 a - a +0 buckler (worn)
 e - a +2 cloak (worn)
 h - a +2 leather armour of magic resistance (worn)
 l - a +1 pair of boots (worn)
 q - a +0 helmet (worn)
Wands
 k - a wand of confusion (22/48)
 s - a wand of flame (46/48)
Scrolls
 c - 2 scrolls of enchant armour
 i - 2 scrolls of teleportation {@r4}
 y - a scroll of recharging
 z - a scroll of remove curse
Potions
 b - a potion of cancellation {unknown}
 d - 16 potions of blood {@q4}
 g - 3 potions of heal wounds {@q2}
 j - 2 potions of magic
 m - 2 potions of degeneration {unknown}
 n - a potion of invisibility
 r - 3 potions of lignification {unknown}
 t - a potion of curing {unknown}
 u - a potion of flight
Books
 w - a book of Debilitation

   Spells                             Type                      Level
   a - Corona                         Hexes                        1
   b - Slow                           Hexes                        2
   c - Gell's Gravitas                Hexes/Translocation          3
   d - Inner Flame                    Hexes/Fire                   3
   e - Cause Fear                     Hexes                        4
   f - Leda's Liquefaction            Hexes/Earth                  4

Dungeon Overview and Level Annotations

Branches:
Dungeon (8/15)             Temple (1/1) D:4
   Lair: D:8-11

Altars:
Ashenzari
Cheibriados
Dithmenos
Elyvilon
Gozag
Hepliaklqana
Kikubaaqudgha
Makhleb
Nemelex Xobeh
Okawaru
Qazlal
Ru
Trog
Vehumet
Xom
Yredelemnul
Zin
The Shining One

.....▒.▒▒.▒▒▒▒▒▒......▒
▒†▒
▒▒▒▒......▒▒▒▒▒▒.▒▒▒..▒▒
▒.▒ ▒ ▒▒▒.▒▒........▒
▒...▒ ▒/▒ ▒
▒.▒▒..▒▒▒▒▒.▒▒▒...▒ ▒.▒
▒▒▒▒▒▒.▒▒..▒ ▒.......▒
▒.▒ ........▒..▒
▒▒▒.▒..)▒ ▒.▒
▒▒▒▒▒▒▒.▒..▒▒▒▒▒▒▒.▒...▒
▒.▒
▒.▒.....gR.▒.▒..)▒▒▒▒.▒
▒.......gFV...).......▒
▒▒▒▒.▒▒▒▒▒▒▒▒▒...▒▒▒▒▒▒
▒.▒ ▒...▒ ▒.▒ ▒▒▒▒...▒
▒▒▒ ▒.▒▒▒▒▒▒......▒ ▒..
▒.............▒▒ ▒.▒
▒▒▒▒▒▒▒▒.▒▒▒.(.▒ ▒.▒ ▒.▒
▒▒▒)▒ ▒.▒ ▒.▒ ▒.▒ ▒.▒


You could see the friendly Meme the ancestor, a bullfrog and 2 gnolls.


Message History

Confirm with . or Enter, or press ? or * to list all spells.
Aiming: Ensorcelled Hibernation
Press: ? - help, Shift-Dir - straight line, f/p - bullfrog
Aim: a bullfrog (moderately wounded, poisoned, chance to defeat MR: 58%)
The bullfrog resists with significant effort.
The bullfrog hits you but does no damage.
The gnoll hits Meme but does no damage. x2; Meme hits the bullfrog.
Casting: Ensorcelled Hibernation
Confirm with . or Enter, or press ? or * to list all spells.
Aiming: Ensorcelled Hibernation
Press: ? - help, Shift-Dir - straight line, f/p - bullfrog
Aim: a bullfrog (heavily wounded, poisoned, chance to defeat MR: 58%)
The bullfrog resists with significant effort.
The bullfrog hits you.
* * * LOW HITPOINT WARNING * * *
The gnoll misses Meme.
The gnoll closely misses Meme.
The bullfrog hits you but does no damage.
Meme closely misses the bullfrog.
You hit the bullfrog.
The bullfrog looks even sicker.
The bullfrog is severely wounded.
You block the bullfrog's attack.
The gnoll hits Meme. x2
Casting: Ensorcelled Hibernation
Confirm with . or Enter, or press ? or * to list all spells.
Aiming: Ensorcelled Hibernation
Press: ? - help, Shift-Dir - straight line, f/p - bullfrog
Aim: a bullfrog (severely wounded, poisoned, chance to defeat MR: 58%)
The bullfrog resists with significant effort.
The bullfrog barely misses you.
Meme barely misses the bullfrog.
The gnoll barely misses Meme.
The gnoll hits Meme!
The bullfrog hits you!
You die...

Action                   |  1- 3 |  4- 6 |  7- 9 | 10-12 || total
-------------------------+-------+-------+-------+-------++-------
Melee: Dagger            |   142 |   272 |   544 |       ||   958
       Bite              |     8 |    19 |    39 |     5 ||    71
       Short sword       |       |       |    20 |    68 ||    88
 Cast: Corona            |     1 |       |       |       ||     1
       Ensorcelled Hiber |     7 |    14 |    36 |     9 ||    66
       Confuse           |       |     4 |     9 |     4 ||    17
       Dazzling Spray    |       |       |     3 |       ||     3
Invok: Ancestor Identity |       |       |       |     1 ||     1
  Use: Scroll            |     3 |       |    16 |     1 ||    20
       Potion            |     2 |     3 |    12 |     7 ||    24
 Stab: Sleeping          |    19 |    25 |    52 |     5 ||   101
       Confused          |       |     6 |     4 |     1 ||    11
Armor: Robe              |    47 |    81 |   224 |       ||   352
       Leather armour    |       |       |     4 |    19 ||    23
Dodge: Dodged            |   111 |   138 |   321 |    59 ||   629
Block: Buckler           |       |       |    48 |    21 ||    69

Vault maps used:
D:1:      lightli_arrival_statuegarden
D:2:      old_standard_altar, lemuel_old_faithful, uniq_terence
D:3:      nicolae_ru_awakened_eye, uniq_iyjb
D:4:      grunt_ministairs_4
D:5:      first_bread
D:6:      cheibriados_altar_wand_db, kennysheep_mini
D:7:      minmay_opposing_rooms
D:8:      basic_altar, david_nohive_1, supply_closet_lemuel, uniq_grum
Temple:   nicolae_temple_great_sept

Notes
Turn   | Place    | Note
-------+----------+-------------------------------------------
     0 | D:1      | Yakui the Vampire Enchanter began the quest for the Orb.
     0 | D:1      | Reached XP level 1. HP: 13/13 MP: 3/3
   389 | D:1      | Reached XP level 2. HP: 15/19 MP: 5/5
   397 | D:1      | Learned a level 2 spell: Ensorcelled Hibernation
   794 | D:1      | Reached skill level 1 in Ice Magic
  1042 | D:1      | Reached XP level 3. HP: 23/24 MP: 6/6
  1575 | D:2      | Noticed Terence
  1639 | D:2      | Reached skill level 5 in Stealth
  1690 | D:2      | Found a shattered altar of Ashenzari.
  1836 | D:2      | Reached XP level 4. HP: 28/30 MP: 5/8
  1978 | D:2      | Reached skill level 2 in Ice Magic
  2065 | D:2      | Reached skill level 3 in Spellcasting
  2065 | D:2      | Reached skill level 5 in Hexes
  2302 | D:2      | Killed Terence
  2302 | D:2      | Reached XP level 5. HP: 35/35 MP: 4/9
  2534 | D:3      | Noticed a phantom
  2976 | D:3      | Noticed a centaur
  3002 | D:3      | Killed a centaur
  3002 | D:3      | Reached skill level 6 in Stealth
  3127 | D:3      | Found a sacrificial altar of Ru.
  3131 | D:3      | Reached XP level 6. HP: 41/41 MP: 11/11
  3200 | D:3      | Reached skill level 3 in Ice Magic
  3285 | D:3      | Noticed Ijyb
  3289 | D:3      | Killed Ijyb
  3289 | D:3      | Reached skill level 6 in Hexes
  3384 | D:3      | Learned a level 3 spell: Confuse
  3388 | D:3      | Learned a level 3 spell: Tukima's Dance
  3392 | D:3      | Learned a level 3 spell: Dazzling Spray
  3564 | D:3      | Reached skill level 7 in Stealth
  3708 | D:3      | Noticed an ice beast
  3714 | D:3      | Reached skill level 4 in Spellcasting
  3732 | D:3      | Killed an ice beast
  3732 | D:3      | Reached XP level 7. HP: 38/46 MP: 7/13
  3917 | D:4      | Reached skill level 7 in Hexes
  4047 | D:4      | Found a staircase to the Ecumenical Temple.
  4063 | Temple   | Entered the Ecumenical Temple
  4191 | D:4      | Reached skill level 8 in Stealth
  4850 | D:5      | Entered Level 5 of the Dungeon
  5183 | D:4      | Reached skill level 1 in Shields
  5183 | D:4      | Reached skill level 5 in Spellcasting
  5392 | D:5      | Reached XP level 8. HP: 52/52 MP: 15/15
  5580 | D:5      | Reached skill level 2 in Shields
  5580 | D:5      | Reached skill level 1 in Conjurations
  6160 | D:5      | Reached skill level 2 in Conjurations
  6325 | D:6      | Reached skill level 3 in Shields
  6374 | D:6      | Reached skill level 3 in Conjurations
  6484 | D:6      | Reached skill level 4 in Shields
  6520 | D:6      | Found a snail-covered altar of Cheibriados.
  6856 | D:6      | Found a hazy altar of Hepliaklqana.
  6860 | D:6      | Became a worshipper of Hepliaklqana the Forgotten
  7309 | D:7      | Reached XP level 9. HP: 45/52 MP: 16/16
  7566 | D:7      | Reached skill level 1 in Fighting
  7566 | D:7      | Reached skill level 8 in Hexes
  7614 | D:7      | Reached skill level 2 in Short Blades
  7614 | D:7      | Reached skill level 3 in Dodging
  7614 | D:7      | Reached skill level 9 in Stealth
  8135 | D:7      | Reached * piety under Hepliaklqana
  8340 | D:7      | Reached skill level 2 in Fighting
  8340 | D:7      | Reached skill level 3 in Short Blades
  8374 | D:7      | Reached skill level 4 in Dodging
  8577 | D:8      | Found a bloodstained altar of Trog.
  8595 | D:8      | Reached skill level 9 in Hexes
  8597 | D:8      | Noticed Grum
  8606 | D:8      | Killed Grum
  8606 | D:8      | Reached skill level 4 in Short Blades
  8606 | D:8      | Reached skill level 10 in Stealth
  8989 | D:8      | Reached skill level 3 in Fighting
  9002 | D:8      | Noticed a troll
  9026 | D:8      | Killed a troll
  9026 | D:8      | Reached XP level 10. HP: 26/63 MP: 4/17
  9244 | D:8      | Reached skill level 5 in Dodging
  9424 | D:8      | Reached skill level 1 in Invocations
  9725 | D:8      | HP: 6/63 [bullfrog (5)]
  9727 | D:8      | Slain by a bullfrog

Vanquished Creatures
  A troll (D:8)
  A queen bee (D:8)
  Grum (D:8)
  A black bear (D:7)
  An ice beast (D:3)
  3 orc warriors
  A hornet zombie (D:7)
  3 phantoms
  A necrophage (D:7)
  A sky beast (D:7)
  3 ogres
  2 wolves (D:8)
  An eye of draining (D:8)
  4 centaurs
  A big kobold (D:7)
  A bullfrog (D:8)
  A gnoll sergeant (D:6)
  2 scorpions (D:4)
  7 killer bees (D:8)
  A howler monkey (D:5)
  4 crimson imps
  5 hounds
  A quasit (D:8)
  5 orc wizards
  2 bullfrog zombies
  4 orc priests
  A centaur skeleton (D:3)
  Ijyb (D:3)
  5 worker ants
  A hound skeleton (D:6)
  10 gnolls
  7 adders
  3 oozes
  2 adder zombies
  2 adder skeletons
  A worm (D:2)
  4 dart slugs
  6 leopard geckos
  35 orcs
  2 ball pythons
  12 bats
  4 giant cockroaches
  14 hobgoblins
  7 jackals (D:1)
  18 kobolds
  6 quokkas
  5 frilled lizards
  4 goblins
  A quokka skeleton (D:7)
  A quokka zombie (D:7)
  6 rats
216 creatures vanquished.

Vanquished Creatures (collateral kills)
  A hungry ghost (D:8)
  A phantom (D:7)
  A sky beast (D:7)
  A howler monkey (D:7)
  A bullfrog zombie (D:7)
  An orc wizard (D:7)
  2 gnolls
  An adder (D:8)
  An ooze (D:6)
  A leopard gecko (D:7)
  4 orcs (D:7)
  A quokka (D:7)
  A kobold (D:7)
  A quokka zombie (D:6)
18 creatures vanquished.

Vanquished Creatures (others)
  Terence (D:2)
  3 ancestors
  A kobold (D:2)
  A bat (D:2)
6 creatures vanquished.

Grand Total: 240 creatures vanquished
